 Dungeon Crawl Stone Soup version 0.30.0-16-gbe6223bb7e (webtiles) character file.

Game seed: 5264825557737078030

55 Persephone the Cudgeller (level 3, -7/23 HPs)
             Began as a Gargoyle Fighter on May 20, 2023.
             Mangled by a gnoll
             ... wielding a +0 flail
              (8 damage)
             ... on level 2 of the Dungeon.
             The game lasted 00:02:29 (1486 turns).

Persephone the Cudgeller (Gargoyle Fighter)         Turns: 1486, Time: 00:02:30

Health: -7/23      AC: 13    Str: 21    XL:     3   Next: 93%
Magic:  3/3        EV:  7    Int:  8    God:
Gold:   53         SH:  4    Dex:  9    Spells: 2/2 levels left

rFire   . . .        a - +1 flail
rCold   . . .        c - +0 buckler
rNeg    + . .        l - +0 chain mail
rPois   ∞            (no helmet)
rElec   +            j - +0 cloak
rCorr   .            (no gloves)
SInv    .            (no boots)
Will    .....        (no amulet) Stlth
                     (no ring)
HPRegen 0.23/turn    (no ring)
MPRegen 0.08/turn

%: no passive effects
@: no status effects
A: sickness immunity, AC +3, negative energy resistance 1, electricity
resistance, torment resistance 1, petrification resistance
a: no special abilities


You were on level 2 of the Dungeon.
You visited 1 branch of the dungeon, and saw 2 of its levels.

You collected 53 gold pieces.

Inventory:

Hand Weapons
 a - a +1 flail (weapon)
Armour
 b - a +0 scale mail
 c - a +0 buckler (worn)
 j - a +0 cloak (worn)
 l - a +0 chain mail (worn)
Scrolls
 g - 3 scrolls of poison {unknown}
 h - a scroll of enchant weapon
 i - a scroll of identify
 k - a scroll of teleportation
 m - a scroll of fog {unknown}
 n - a scroll of silence {unknown}
Potions
 d - 2 potions of might
 e - a potion of curing
 f - a potion of haste {unknown}


   Skills:
 - Level 3.3 Fighting
 + Level 3.9 Maces & Flails
 - Level 3.3 Armour
 - Level 3.3 Shields


You had 2 spell levels left.
You didn't know any spells.
Your spell library contained the following spells:

 Spells                   Type           Power      Damage    Failure   Level
 Sandblast                Erth           0%         2d4       98%         1
 Passwall                 Tmut/Erth      0%         N/A       99%         2
 Wereblood                Tmut           0%         N/A       99%         2
 Stone Arrow              Conj/Erth      0%         3d7       100%        3
 Summon Hydra             Summ           0%         N/A       100%        7
 Sublimation of Blood     Necr           Unusable   N/A       N/A         2

Dungeon Overview and Level Annotations

Branches:
Dungeon (2/15)

Altars:
Zin

Shops:
D:2 *


Innate Abilities, Weirdness & Mutations

You are immune to sickness and miasma.
Your stone body is resilient. (AC +3)
You are immune to poison.
You resist negative energy. (rN+)
You are resistant to electric shocks. (rElec)
You are resistant to unholy torment.
You are immune to petrification.


Message History

Your +0 flail glows red for a moment.
As you read the scroll labelled NANWAF HIOKHO, it crumbles to dust.
It is a scroll of identify.
e - a potion of curing
As you read the scroll labelled UNEDAG MEZXU, it crumbles to dust.
You feel strangely unstable.
It was a scroll of teleportation.
Your surroundings suddenly seem different.
g - 3 scrolls labelled IRARUX AGUAZ
m - a scroll labelled XATTOS ETIGEUPN
Found a quarterstaff.
n - a scroll labelled BOUXAKAGIHO
There is a stone staircase leading up here.
The gnoll shouts!
You hear a shout!
There are monsters nearby!
You block the gnoll's attack.
You sock the gnoll!
The gnoll is severely wounded.
The gnoll hits you with a +0 spear.
The gnoll hits you from afar with a +0 spear.
You barely miss the gnoll.
The gnoll is severely wounded.
The gnoll hits you but does no damage. The gnoll barely misses you.
You hit the gnoll.
You kill the gnoll!
The gnoll hits you but does no damage. The gnoll hits you with a +0 flail.
The gnoll hits you but does no damage.
You barely miss the gnoll. The gnoll hits you with a +0 flail!
You block the gnoll's attack. The gnoll barely misses you.
The gnoll hits you but does no damage.
You closely miss the gnoll.
The gnoll hits you but does no damage. x2
You sock the gnoll!
The gnoll is severely wounded.
You block the gnoll's attack. The gnoll hits you with a +0 spear.
* * * LOW HITPOINT WARNING * * *
You barely miss the gnoll.
The gnoll is severely wounded.
The gnoll hits you with a +0 flail.
* * * LOW HITPOINT WARNING * * *
The gnoll closely misses you. The gnoll hits you with a +0 flail!
You die...

..#...#.# #.#...............#
...#.#..#######.#.....#..#..>..##
....∩...##............#..#.#.#.#
...#.#..####......###..........##
..#...#.# ####.#.###.#..........
#.......# #..............#..#
###....##########..........###..#
######.# #......g.)#..#.........#
...# #.# #.##...@...............#
##.# #.# #.##.###g...#..###.#..##
#.# #.# #.##.###..###..##.....#
#.# #.# #.##..................#
##.# #.# #.##.###.###.#.###.##.#
.g.#.#.###.##.###...........##.#
##.#...........######.#.#####
#.#...###.##..# #.#.# ##.#.#.#
#.###.# ....#


You could see 2 gnolls.

Vanquished Creatures
  A gnoll (D:2)
  An adder (D:2)
  A dart slug (D:1)
  4 bats (D:1)
  4 endoplasms
  2 giant cockroaches
  6 hobgoblins
  4 ball pythons
  A frilled lizard (D:1)
  4 goblins (D:1)
  2 kobolds (D:1)
  4 rats
34 creatures vanquished.

Notes
Turn   | Place    | Note
-------+----------+-------------------------------------------
     0 | D:1      | Persephone the Gargoyle Fighter began the quest for the
                  | Orb.
     0 | D:1      | Reached XP level 1. HP: 14/14 MP: 1/1
    70 | D:1      | Reached XP level 2. HP: 4/19 MP: 2/2
   633 | D:1      | Reached XP level 3. HP: 23/23 MP: 3/3
   783 | D:2      | Found Ysexkuh's Assorted Antiques.
   833 | D:2      | Found a glowing silver altar of Zin.
  1486 | D:2      | HP: 1/23 [gnoll/+0 flail (5)]
  1486 | D:2      | Mangled by a gnoll

Illustrated notes

Levels and vault maps discovered:
D:1:      nzn_arrival_water_spiral, layout_basic, minivault_26
D:2:      layout_basic, serial_shops, nicolae_shop_advertising_works
          [nicolae_subvault_shop_adworks], basic_altar,
          nicolae_underground_beach

Skill      XL: |  1  2 |
---------------+-------+-----
Maces & Flails | 3 |  3.9
Fighting       | |  3.3
Armour         | |  3.3
Shields        | |  3.3

Action                     || total
---------------------------++-------
  Melee: Flail             ||   102
    Use: Scroll            ||     4
 Armour: Scale mail        ||    59
         Chain mail        ||    11
  Dodge: Dodged            ||    71
  Block: Buckler           ||    31
